 Dungeon Crawl Stone Soup version 0.21.0-37-g46506fa5f3 (webtiles) character file.

133 hikky the Shield-Bearer (level 4, 0/37 HPs)
             Began as a Demigod Fighter on Feb 1, 2018.
             Slain by a gnoll
             ... wielding a +0 halberd
              (6 damage)
             ... on level 2 of the Dungeon.
             The game lasted 00:19:24 (1705 turns).

hikky the Shield-Bearer (Demigod Fighter)           Turns: 1705, Time: 00:19:24

Health: 0/37       AC: 11    Str: 26    XL:     4   Next: 63%
Magic:  6/6        EV:  5    Int: 12    God:
Gold:   75         SH: 10    Dex: 15    Spells: 3/3 levels left

rFire    . . .     SeeInvis .   a - +0 long sword
rCold    . . .     Gourm    .   c - +0 shield
rNeg     . . .     Faith    .   o - +0 plate armour
rPois    .         Spirit   .   (no helmet)
rElec    .         Reflect  .   (no cloak)
rCorr    .         Harm     .   (no gloves)
MR       .....                  (no boots)
Stlth    ..........             (no amulet)
HPRegen  0.12/turn              (no ring)
MPRegen  0.10/turn              (no ring)

@: mighty
A: high mp 1
a: no special abilities


You were on level 2 of the Dungeon.
You were not hungry.

You visited 1 branch of the dungeon, and saw 2 of its levels.

You collected 75 gold pieces.

Inventory:

Hand Weapons
 a - a +0 long sword (weapon)
Armour
 c - a +0 shield (worn)
 o - a +0 plate armour (worn)
Scrolls
 e - a scroll of enchant weapon {unknown}
 g - 2 scrolls of teleportation {unknown}
 k - a scroll of magic mapping {unknown}
 m - 3 scrolls of identify {unknown}
 n - a scroll of amnesia {unknown}
 p - a scroll of random uselessness {unknown}
 r - a scroll of blinking {unknown}
Potions
 b - a potion of haste {unknown}
 h - 2 potions of lignification {unknown}
 i - a potion of mutation {unknown}
 l - a potion of brilliance {unknown}
 q - a potion of flight {unknown}
Comestibles
 f - a ration


   Skills:
 + Level 2.9 Fighting
 * Level 3.0 Long Blades
 * Level 3.4 Armour
 * Level 1.1 Dodging
 + Level 3.4 Shields


You had 3 spell levels left.
You didn't know any spells.

Dungeon Overview and Level Annotations

Branches:
Dungeon (2/15)


Innate Abilities, Weirdness & Mutations

You have an increased reservoir of magic. (+10% MP)


Message History

You see here a scroll labeled PEUMAIDOKE.
The gnoll hits you from afar with a spear!
* * * LOW HITPOINT WARNING * * *
You feel better. You block the gnoll's attack.
You feel very mighty all of a sudden.
The gnoll hits you from afar with a spear!
* * * LOW HITPOINT WARNING * * *
The gnoll barely misses you. You block the gnoll's attack.
The gnoll hits you from afar with a spear.
* * * LOW HITPOINT WARNING * * *
The gnoll hits you but does no damage. You block the gnoll's attack.
You block the gnoll's attack.
The gnoll hits you from afar with a halberd.
* * * LOW HITPOINT WARNING * * *
You block the gnoll's attack. The gnoll hits you but does no damage.
The gnoll hits you from afar with a halberd.
You die...

..###.†....###..# ..#
#.##.#.# #..# # ..#
#.##.#.# #..# .# ..#
#.##.#.# #..####.# ..#
#.##.#.###.......# ..#
#.##.#.......#...#
..###.##.)).÷...#_#.####
.........#####...#...>..
###.#.###### #..@.......
...........###g.#.#.#.#.
.##.#.........g.#.#.# ..
#.######.###.##.. # #
#.# #.# #.# ##. #.# #.#
#.. .# ###.# #.# #### #
#...# ##.# #.### #...


You could see 2 gnolls.

Vanquished Creatures
  A bullfrog (D:2)
  A gnoll (D:2)
  An adder (D:2)
  An ooze (D:1)
  2 worms (D:2)
  A dart slug (D:2)
  An orc (D:2)
  A giant cockroach (D:1)
  8 goblins
  2 hobgoblins
  6 bats
  3 frilled lizards
  4 kobolds
  4 rats
  A plant (D:1)
37 creatures vanquished.

Notes
Turn   | Place    | Note
-------+----------+-------------------------------------------
     0 | D:1      | hikky the Demigod Fighter began the quest for the Orb.
     0 | D:1      | Reached XP level 1. HP: 18/18 MP: 3/3
   311 | D:1      | Reached XP level 2. HP: 23/25 MP: 4/4
  1216 | D:2      | Noticed a bullfrog
  1227 | D:2      | Killed a bullfrog
  1227 | D:2      | Reached skill level 1 in Dodging
  1227 | D:2      | Reached XP level 3. HP: 24/30 MP: 5/5
  1227 | D:2      | Reached XP level 4. HP: 29/37 MP: 6/6
  1255 | D:2      | Found an iron altar of Okawaru.
  1450 | D:2      | Found a faded altar of an unknown god.
  1705 | D:2      | Slain by a gnoll

Skill      XL: |  1  2  3  4 |
---------------+-------------+-----
Long Blades    | 2 3 |  3.0
Armour         | 3 |  3.4
Dodging        | 1 |  1.1
Shields        | 3 |  3.4
Fighting       | |  2.9

Action                   |  1- 3 |  4- 6 || total
-------------------------+-------+-------++-------
Melee: Long sword        |   110 |    63 ||   173
  Use: Potion            |       |     4 ||     4
  Eat: Ration            |     1 |       ||     1
Armor: Scale mail        |    87 |       ||    87
       Plate armour      |    17 |    28 ||    45
Dodge: Dodged            |    42 |    12 ||    54
Block: Shield            |    93 |    40 ||   133
       Rpst.: Long sword |    10 |     2 ||    12
